 Dungeon Crawl Stone Soup version 0.24-a0-725-gf1a930fc54 (webtiles) character file.

Game seed: 4107460126137321013, levelgen mode: deterministic

56 Kohma the Skirmisher (level 3, 0/31 HPs)
             Began as a Draconian Abyssal Knight on Oct 1, 2019.
             Was a Follower of Lugonu.
             Slain by a bat (1 damage)
             ... on level 3 of the Dungeon.
             The game lasted 00:05:36 (2173 turns).

Kohma the Skirmisher (Draconian Abyssal Knight)     Turns: 2173, Time: 00:05:36

Health: 0/31       AC:  5    Str: 15    XL:     3   Next: 69%
Magic:  0/5        EV: 11    Int: 12    God:    Lugonu [*.....]
Gold:   79         SH:  0    Dex: 10    Spells: 2/2 levels left

rFire    . . .     SeeInvis .   a - +1 falchion
rCold    . . .     Gourm    .   h - +2 buckler {reflect}
rNeg     . . .     Faith    .   (armour unavailable)
rPois    .         Spirit   +   (helmet restricted)
rElec    .         Reflect  +   (no cloak)
rCorr    .         Harm     .   (no gloves)
MR       .....                  (no boots)
Stlth    +.........             i - amulet of guardian spirit
HPRegen  0.10/turn              (no ring)
MPRegen  0.09/turn              (no ring)

@: confused
A: unfitting armour, cold-blooded, AC +5
a: Depart the Abyss, Renounce Religion


You were on level 3 of the Dungeon.
You worshipped Lugonu.
Lugonu was aware of your devotion.
You were not hungry.

You visited 1 branch of the dungeon, and saw 3 of its levels.
You visited the Abyss 1 time.

You collected 79 gold pieces.

Inventory:

Hand Weapons
 a - a +1 falchion (weapon)
 e - a +0 hunting sling
Missiles
 g - 140 stones (quivered)
 j - 31 sling bullets
 p - 4 boomerangs
Armour
 h - a +2 buckler of reflection (worn)
Jewellery
 i - an amulet of guardian spirit (around neck)
Scrolls
 k - a scroll of remove curse {unknown}
 l - a scroll of enchant weapon {unknown}
 m - a scroll of teleportation {unknown}
 n - a scroll of amnesia {unknown}
 o - a scroll of enchant armour {unknown}
 q - 2 scrolls of identify {unknown}
 r - a scroll of noise {unknown}
 u - a scroll of immolation {unknown}
Potions
 c - 2 potions of curing {unknown}
 d - 3 potions of mutation {unknown}
 f - 2 potions of degeneration {unknown}
Comestibles
 b - 4 rations
 s - 2 chunks of flesh


   Skills:
 - Level 3.5 Fighting
 * Level 3.2 Long Blades
 - Level 2.1 Dodging
 + Level 0.8 Shields
 + Level 2.7 Invocations


You had 2 spell levels left.
You didn't know any spells.
Your spell library was empty.

Dungeon Overview and Level Annotations

Branches:
Dungeon (3/15)

Altars:
Dithmenos
Uskayaw

Annotations:
D:3 Sigmund


Innate Abilities, Weirdness & Mutations

Your plain brown scales are hard. (AC +5)
You cannot fit into any form of body armour.
You are cold-blooded and may be slowed by cold attacks.


Message History

You hit something.
You bump into the rock wall.
Something hits you. Something hits you!
You miss something. Something hits you!
You feel less confused.
You hear some strange, mumbled words.
You are confused.
You bump into the rock wall.
You bump into the rock wall.
Something hits you!
* * * LOW HITPOINT WARNING * * *
The bat misses you. The bat hits you but does no damage.
The bat barely misses you.
A magic dart appears from out of thin air!
The magic dart hits you.
* * * LOW HITPOINT WARNING * * *
You bump into the rock wall.
The bat hits you but does no damage. The bat hits you.
You die...

#.#########
#.#.........#
<.#..######.#
###.#..#...##.#
).#.#.<#.#.##.#
#.#.##.#.#.##.#
#.#.#....#.##.#
#######.#.#รท.###....#
.(........@...)...>##
####.##.#.#b########
#.#.#.# #.#.#.#
#.#.#.# #.#...#
#.##### #.. #.#


You could see a bat.

Vanquished Creatures
  A worm (D:2)
  3 dart slugs (D:1)
  3 leopard geckos
  A ball python (D:1)
  4 giant cockroaches
  5 hobgoblins
  8 bats
  5 frilled lizards
  7 goblins
  A kobold (D:2)
  5 rats
43 creatures vanquished.

Notes
Turn   | Place    | Note
-------+----------+-------------------------------------------
     0 | Abyss:1  | Kohma the Draconian Abyssal Knight began the quest for the
                  | Orb.
     0 | Abyss:1  | Reached XP level 1. HP: 19/19 MP: 2/2
   119 | Abyss:1  | Noticed a small abomination
   134 | Abyss:1  | Noticed an apocalypse crab
   138 | D:1      | Escaped the Abyss
   377 | D:1      | Reached XP level 2. HP: 14/26 MP: 3/3
   961 | D:1      | Reached * piety under Lugonu
  1130 | D:1      | Reached XP level 3. HP: 26/31 MP: 4/4
  1660 | D:2      | Found a hide-covered altar of Uskayaw.
  1748 | D:2      | Found a shadowy altar of Dithmenos.
  2129 | D:3      | Noticed Sigmund
  2171 | D:3      | HP: 1/31 [something/magic dart (4)]
  2173 | D:3      | Slain by a bat

Levels and vault maps discovered:
D:1:      kennysheep_arrival_seaside, layout_basic
D:2:      layout_basic, nicolae_dithmenos_through_a_glass_darkly,
          lemuel_doored_altar, first_ration
D:3:      layout_basic, lemuel_round_altar, uniq_sigmund,
          uniq_crazy_yiuf_cottage

Skill      XL: |  1  2  3 |
---------------+----------+-----
Long Blades    | 3 |  3.2
Fighting       | |  3.5
Dodging        | |  2.1
Shields        | |  0.8
Invocations    | |  2.7

Action                   || total
-------------------------++-------
Melee: Falchion          ||    99
       Tailslap          ||    10
Throw: Javelin           ||     6
       Stone             ||     2
Invok: Depart the Abyss  ||     1
  Eat: Chunk             ||     4
Armor: Skin              ||    44
Dodge: Dodged            ||    51
Block: Buckler           ||    13
       Rpst.: Falchion   ||    16

Table legend:
 A = Non-vault XP
 B = Vault XP
 C = Vault XP percentage of total XP
 D = Non-vault monster count
 E = Vault monster count
 F = Vault count percentage of total count
                 A         B        C        D         E       F
            +---------+---------+-------+---------+---------+-------
      Total |      80 |       0 |   0.0 |      43 |       0 |   0.0
            +---------+---------+-------+---------+---------+-------
        D:1 |      47 |       0 |   0.0 |      24 |       0 |   0.0
        D:2 |      27 |       0 |   0.0 |      15 |       0 |   0.0
        D:3 |       6 |       0 |   0.0 |       4 |       0 |   0.0
            +---------+---------+-------+---------+---------+-------
